 Dungeon Crawl Stone Soup version 0.30-a0-883-g5ad918d77d (webtiles) character file.

Game seed: 8767201794863107545

39 Maxmaps the Insei (level 3, -4/29 HPs)
             Began as a Demonspawn Monk on Mar 16, 2023.
             Slain by Sigmund
             ... wielding a +1 vampiric scythe
              (5 damage)
             ... on level 2 of the Dungeon.
             The game lasted 00:01:14 (761 turns).

Maxmaps the Insei (Demonspawn Monk)                  Turns: 761, Time: 00:01:14

Health: -4/29      AC:  6    Str: 11    XL:     3   Next: 28%
Magic:  3/3        EV: 11    Int: 13    God:
Gold:   50         SH:  0    Dex: 21    Spells: 2/2 levels left

rFire   . . .      SeeInvis .      - Unarmed
rCold   . . .      Faith    .    (no shield)
rNeg    . . .      Spirit   .    i - +0 ring mail
rPois   .          Reflect  .    (no helmet)
rElec   .          Rampage  .    j - +0 cloak
rCorr   .                        (no gloves)
Will    .....                    (no boots)
Stlth   ++                       (no amulet)
HPRegen 0.24/turn                c - +6 ring of dexterity
MPRegen 0.08/turn                (no ring)

@: slowed, very slow
A: ignite blood 1
a: no special abilities


You were on level 2 of the Dungeon.
You visited 1 branch of the dungeon, and saw 2 of its levels.

You collected 50 gold pieces.

Inventory:

Armour
 a - a +0 robe
 i - a +0 ring mail (worn)
 j - a +0 cloak (worn)
Jewellery
 c - a +6 ring of dexterity (left hand)
Scrolls
 d - a scroll of enchant armour {unknown}
 e - 3 scrolls of identify {unknown}
 f - 2 scrolls of poison {unknown}
 h - a scroll of vulnerability {unknown}
Potions
 g - a potion of lignification {unknown}
 k - a potion of heal wounds {unknown}


   Skills:
 - Level 3.0 Fighting
 - Level 2.6 Dodging
 - Level 1.7 Stealth
 + Level 4.0 Unarmed Combat


You had 2 spell levels left.
You didn't know any spells.
Your spell library contained the following spells:

 Spells                   Type           Power      Damage    Failure   Level
 Freeze                   Ice            0%         1d3       58%         1
 Sting                    Tmut/Pois      0%         1d3       58%         1
 Cigotuvi's Dreadful Rot  Necr/Pois/Air  0%         N/A       75%         2
 Poisonous Vapours        Pois/Air       0%         N/A       75%         2
 Frozen Ramparts          Ice            0%         1d1       92%         3
 Hailstorm                Conj/Ice       0%         3d3       92%         3
 Mephitic Cloud           Conj/Pois/Air  0%         N/A       92%         3
 Olgreb's Toxic Radiance  Pois           0%         N/A       100%        4


Dungeon Overview and Level Annotations

Branches:
Dungeon (2/15)

Altars:

Shops:
D:1 *

Annotations:
D:2 Natasha, Sigmund


Innate Abilities, Weirdness & Mutations

Your demonic aura sometimes causes spilled blood to erupt in flames.


Message History

You bump into the rock wall.
Natasha claws you. Something hits you but does no damage.
You bump into the rock wall.
Natasha claws you. Something hits you!
* * * LOW HITPOINT WARNING * * *
Natasha claws you.
* * * LOW HITPOINT WARNING * * *
You bump into the rock wall.
Natasha hisses.
Natasha claws you.
* * * LOW HITPOINT WARNING * * *
Something hits you.
* * * LOW HITPOINT WARNING * * *
You bump into the rock wall.
Natasha casts a spell.
Something hits you.
* * * LOW HITPOINT WARNING * * *
Natasha closely misses you.
You barely miss Natasha.
Natasha is lightly wounded.
You feel less invigorated.
You feel less confused.
The shadow imp disappears in a puff of smoke!
Natasha mumbles some strange words.
Something hits you!
* * * LOW HITPOINT WARNING * * *
You hit Natasha.
Natasha is moderately wounded.
Natasha closely misses you.
The shadow imp hits you but does no damage.
Something hits you.
* * * LOW HITPOINT WARNING * * *
Natasha mumbles some strange words.
Natasha's front paws start to glow.
Natasha barely misses you.
You closely miss Natasha.
Natasha is moderately wounded.
The shadow imp misses you.
Natasha stares at you and mumbles some strange words.
You resist with significant effort. Something hits you.
You die...

#. ... .... ..(.?
#####......
###5@hw5.....
###...##{5.....
###...####....... .###
#...#............
...#####........##......
###..##....##.####
...... .........##...#
{..... .###..###...###
...... .............#


You could see a worm, an iron imp (summoned), Natasha, a crimson imp (summoned)
and a shadow imp (summoned).

Vanquished Creatures
  A dart slug (D:1)
  4 endoplasms
  A giant cockroach (D:2)
  2 goblins (D:1)
  2 hobgoblins (D:1)
  A quokka (D:1)
  6 ball pythons
  3 bats (D:1)
  3 frilled lizards
  8 kobolds
  6 rats
37 creatures vanquished.

Notes
Turn   | Place    | Note
-------+----------+-------------------------------------------
     0 | D:1      | Maxmaps the Demonspawn Monk began the quest for the Orb.
     0 | D:1      | Reached XP level 1. HP: 18/18 MP: 1/1
    48 | D:1      | Reached skill level 3 in Unarmed Combat
    91 | D:1      | Gained mutation: Your demonic aura sometimes causes spilled
                  | blood to erupt in flames. [demonic ancestry]
    91 | D:1      | Reached XP level 2. HP: 14/24 MP: 2/2
   400 | D:1      | Reached XP level 3. HP: 29/29 MP: 3/3
   595 | D:1      | Found Pampintyafo's Assorted Antiques.
   691 | D:2      | Reached skill level 4 in Unarmed Combat
   734 | D:2      | Noticed Sigmund
   739 | D:2      | Noticed Natasha
   760 | D:2      | HP: 1/29 [something (6)]
   761 | D:2      | Slain by Sigmund

Illustrated notes

Levels and vault maps discovered:
D:1:      grunt_arrival_crossed_arrows, layout_rooms, serial_shops,
          shop_fountains, minmay_tiny_reverse_x
D:2:      layout_rooms, uniq_natasha, uniq_sigmund

Skill      XL: |  1  2  3 |
---------------+----------+-----
Unarmed Combat | 3 4 |  4.0
Fighting       | |  3.0
Dodging        | |  2.6
Stealth        | |  1.7

Action                     || total
---------------------------++-------
  Melee: Unarmed           ||   114
         Punch             ||     2
    Use: Potion            ||     1
   Stab: Sleeping          ||     2
 Armour: Robe              ||    19
         Ring mail         ||    11
  Dodge: Dodged            ||    83

Table legend: (Time is in decaauts)
 A = Elapsed time spent in this place.
 B = Non-inter-level travel time spent in this place.
 C = Inter-level travel time spent in this place.
 D = Time resting spent in this place.
 E = Time spent auto-exploring this place.
 F = Levels seen in this place.
 G = Mean time per level.
                   A        B        C        D        E       F      G
               +--------+--------+--------+--------+--------+-----+--------+
         Total |    756 |    742 |     14 |     46 |    440 |   2 |  378.0 |
       Dungeon |    756 |    742 |     14 |     46 |    440 |   2 |  378.0 |
               +--------+--------+--------+--------+--------+-----+--------+

Top non-repeatable levels by time:
     D:1: 650 daAuts
     D:2: 105 daAuts
